AoeStats
← Lebende Leiche

Fortress

509685865Analyzed
3v3 RM · 4d ago on Sep 27, 2026· 58m 28s· 6 players
Game mode
Random Map
Map size
Large (8 player)
Population
200
Speed
Normal
Resources
Standard
Victory
Conquest
Starting age
Dark Age
Ending age
Imperial Age
RankedLock teamsTeams togetherTeam positionsShared explorationLock speedFull tech treeHidden civsTurbo modeCheats
Victory
Defeat
🇩🇪 Sicilians · Germany
1212
+13
🇩🇪 Danes · Germany
1211
+13
🇩🇪 Portuguese · Germany
1110
+17
🇵🇹 Teutons · Portugal
1180
-16
🇬🇹 Mongols · Guatemala
1155
-15
🇬🇷 Franks · Greece
1089
-12
WaAzZaA
7:14 Feudal Age
7:36 Horse Collar
7:43 Double-Bit Axe
14:17 Castle Age
12:46 Forging
12:36 Scale Mail Armor
12:59 Arson
15:49 Bow Saw
16:48 Loom
18:40 Squires
22:54 Wheelbarrow
22:59 Chain Mail Armor
22:59 Gold Mining
26:09 Hand Cart
34:53 Iron Casting
34:42 Ironclad
34:59 Heavy Plow
38:25 Imperial Age
36:29 Fletching
38:30 Elite Teutonic Knight
38:34 Capped Ram
39:43 Conscription
39:57 Gambesons
42:06 Two-Man Saw
41:40 Caravan
44:22 Blast Furnace
43:53 Plate Mail Armor
46:11 Bodkin Arrow
48:15 Crop Rotation
fotolithos
7:04 Feudal Age
12:10 Castle Age
10:20 Double-Bit Axe
13:08 Bow Saw
16:12 Wheelbarrow
16:36 Loom
19:59 Gold Mining
21:46 Gold Shaft Mining
23:09 Hand Cart
27:26 Imperial Age
26:26 Husbandry
28:09 Scale Barding Armor
28:16 Forging
27:29 Cavalier
29:33 Chain Barding Armor
29:06 Paladin
30:55 Iron Casting
31:37 Plate Barding Armor
35:31 Blast Furnace
34:33 Scale Mail Armor
41:02 Chain Mail Armor
40:46 Pikeman
41:26 Squires
41:12 Arson
42:17 Halberdier
45:43 Plate Mail Armor
57:06 Caravan
CazadorGT
8:56 Feudal Age
10:25 Fletching
12:53 Castle Age
10:47 Double-Bit Axe
13:14 Bloodlines
14:09 Loom
14:30 Husbandry
18:23 Bodkin Arrow
20:38 Padded Archer Armor
22:40 Wheelbarrow
24:50 Leather Archer Armor
24:46 Horse Collar
30:15 Imperial Age
27:52 Stone Mining
30:33 Stone Mining
30:34 Elite Mangudai
32:45 Bracer
34:14 Chemistry
36:25 Onager
39:32 Heavy Plow
39:31 Town Watch
40:45 Ballistics
50:20 Scale Barding Armor
52:42 Light Cavalry
53:53 Forging
54:04 Chain Barding Armor
56:46 Iron Casting
El Commandante
7:41 Feudal Age
11:29 Castle Age
9:39 Scale Mail Armor
9:38 Double-Bit Axe
10:08 Arson
10:11 Horse Collar
15:12 Bow Saw
17:21 Loom
17:40 Heavy Plow
19:13 Chain Mail Armor
19:31 Squires
20:52 Wheelbarrow
27:44 Imperial Age
26:35 Gold Mining
26:37 Stone Mining
29:23 Plate Mail Armor
29:04 Forging
29:43 Fletching
31:07 Conscription
32:19 Ballistics
33:25 Iron Casting
32:40 Gambesons
32:50 Hamask
34:48 Elite Jomsviking
35:46 Scale Barding Armor
35:28 Pikeman
35:30 Elite Varangian Guard
38:26 Blast Furnace
37:46 Chain Barding Armor
37:23 Bodkin Arrow
37:25 Heavy Scorpion
39:43 Gold Mining
41:04 Plate Barding Armor
42:09 Bracer
46:46 Siege Engineers
47:42 Chemistry
47:47 Caravan
48:00 Halberdier
49:45 Northmen's Fury
51:01 Hoardings
52:11 Hand Cart
56:07 Padded Archer Armor
56:56 Town Watch
Lebende Leiche
8:29 Feudal Age
12:00 Castle Age
10:00 Double-Bit Axe
9:58 Horse Collar
11:10 Gold Mining
12:02 Scale Mail Armor
12:19 Forging
12:58 Bow Saw
13:40 Heavy Plow
15:45 Loom
16:37 Wheelbarrow
17:35 Squires
17:56 Scale Mail Armor
18:35 Fletching
18:49 Town Watch
19:51 Masonry
19:46 Bodkin Arrow
20:52 Stone Mining
22:45 Ballistics
24:51 Hand Cart
25:22 Chain Mail Armor
27:12 Iron Casting
27:55 Town Patrol
29:16 Gold Shaft Mining
28:43 Pikeman
33:08 Imperial Age
32:35 First Crusade
33:15 Stone Shaft Mining
33:17 Halberdier
34:24 Conscription
34:40 Hoardings
35:04 Crop Rotation
35:19 Plate Mail Armor
40:44 Blast Furnace
40:55 Gambesons
41:43 Siege Engineers
41:26 Arrowslits
43:31 Elite Serjeant
48:52 Arson
49:55 Caravan
52:30 Chemistry
51:38 Padded Archer Armor
51:47 Elite Skirmisher
52:00 Capped Ram
53:14 Guilds
53:18 Bracer
53:57 Siege Ram
57:07 Leather Archer Armor
runawayking
8:21 Feudal Age
10:18 Wheelbarrow
9:30 Double-Bit Axe
9:28 Horse Collar
15:03 Castle Age
16:49 Hand Cart
18:36 Arson
21:22 Forging
21:12 Scale Mail Armor
22:36 Pikeman
27:25 Ballistics
30:17 Imperial Age
29:09 Chain Mail Armor
31:05 Iron Casting
32:08 Elite Organ Gun
35:47 Plate Mail Armor
35:17 Gold Mining
36:46 Blast Furnace
36:51 Halberdier
44:15 Arquebus
45:46 Chemistry
55:35 Caravan
Connection lost

Rejoining the realm…

Still unreachable

The connection could not be restored.

Session expired

The server has moved on; the page needs a fresh start.